 Dungeon Crawl Stone Soup version 0.23.0 (webtiles) character file.

Game seed: 16358194264835325998

67624 Tungsten the Fighter (level 15, -2/247 HPs)
             Began as an Ogre Transmuter on Feb 17, 2019.
             Was a High Priest of Okawaru.
             Slain by a sun demon (5 damage)
             ... summoned by an orc high priest
             ... on level 2 of the Orcish Mines.
             The game lasted 01:21:09 (33131 turns).

Tungsten the Fighter (Ogre Transmuter)             Turns: 33131, Time: 01:21:10

Health: -2/247     AC:  7    Str: 28    XL:     15   Next: 23%
Magic:  25/25      EV: 25    Int: 14    God:    Okawaru [*****.]
Gold:   1454       SH:  0    Dex: 14    Spells: 3/28 levels left

rFire    + . .     SeeInvis .     - Unarmed
rCold    . . .     Gourm    .   (no shield)
rNeg     . . .     Faith    .   F - +1 robe {rF+}
rPois    .         Spirit   .   L - +2 hat {MR+}
rElec    .         Reflect  .   h - +0 cloak
rCorr    .         Harm     .   (gloves unavailable)
MR       ++...                  (boots unavailable)
Stlth    ..........             X - amulet of the acrobat
HPRegen  0.51/turn              M - +5 ring of evasion (curse)
MPRegen  0.19/turn              j - +5 ring of strength

@: berserking, about to teleport, heroism, very quick
A: large, unfitting armour, tough skin 1
a: Heroism, Finesse, Renounce Religion


You were on level 2 of the Orcish Mines.
You worshipped Okawaru.
Okawaru was extremely pleased with you.
You were hungry.

You visited 4 branches of the dungeon, and saw 21 of its levels.

You collected 1783 gold pieces.
You spent 329 gold pieces at shops.


Innate Abilities, Weirdness & Mutations

You are too large for most types of armour.
You have tough skin. (AC +1)


   Skills:
 + Level 14.9(19.9) Fighting
 + Level 10.8(15.8) Dodging
 + Level 13.5(18.5) Unarmed Combat
 - Level 7.0 Spellcasting
 - Level 2.0 Hexes
 - Level 9.0 Transmutations
 - Level 4.1 Ice Magic
 - Level 3.0 Poison Magic
 - Level 5.2 Invocations
 - Level 5.0 Evocations


You had 3 spell levels left.
You knew the following spells:

 Your Spells              Type           Power        Failure   Level  Hunger
a - Beastly Appendage     Tmut           ####..       1%          1    None
b - Sticks to Snakes      Tmut           ####....     1%          2    #......
c - Spider Form           Tmut/Pois      ###.......   3%          3    ##.....
d - Ice Form              Ice/Tmut       ###.....     10%         4    ####...
e - Animate Skeleton      Necr           N/A          14%         1    None
f - Apportation           Tloc           #.....       14%         1    None
g - Confusing Touch       Hex            ##....       6%          1    None
h - Passwall              Tmut/Erth      ###.....     3%          2    #......
i - Blade Hands           Tmut           ####......   10%         5    ######.
j - Poisonous Vapours     Pois/Air       #.....       12%         2    #......
k - Regeneration          Chrm/Necr      #.........   38%         3    ##.....

Your spell library contained the following spells:

 Spells                   Type           Power        Failure   Level  Hunger
 Pain                     Necr           #...         14%         1    None
 Sandblast                Erth           #.....       14%         1    None
 Summon Small Mammal      Summ           #...         14%         1    None
 Throw Flame              Conj/Fire      #.....       22%         2    #......
 Mephitic Cloud           Conj/Pois/Air  #.......     28%         3    ##.....
 Portal Projectile        Hex/Tloc       #.....       28%         3    ##.....
 Conjure Flame            Conj/Fire      #.......     38%         3    ##.....
 Gell's Gravitas          Tloc           #.........   38%         3    ##.....
 Lesser Beckoning         Tloc           #.........   38%         3    ##.....
 Stone Arrow              Conj/Erth      #.....       38%         3    ##.....
 Vampiric Draining        Necr           #.........   38%         3    ##.....
 Petrify                  Tmut/Erth      ###.....     22%         4    ####...
 Animate Dead             Necr           N/A          80%         4    ####...
 Force Lance              Conj/Tloc      #.......     80%         4    ####...
 Lee's Rapid Deconstruct  Erth           #.........   98%         5    ######.
 Dispersal                Tloc           #.........   100%        6    #######
 Freezing Cloud           Conj/Ice/Air   #.........   100%        6    #######
 Ring of Flames           Chrm/Fire      #.........   100%        7    #######
 Controlled Blink         Tloc           N/A          100%        8    #######
 Disjunction              Tloc           #.........   100%        8    #######

Inventory:

Hand Weapons
 b - a +0 hunting sling
 t - a +0 blowgun
 J - the +4 flail of Ibinel {antimagic, rF+ Int+8}
   (You found it on level 6 of the Lair of Beasts)

   It reduces the magical energy of the wielder, and disrupts the spells and
   magical abilities of those hit.
   Natural abilities and divine invocations are not affected.
   It affects your intelligence (+8).
   It protects you from fire.
Missiles
 a - 266 arrows
 k - 12 curare-tipped needles
 B - 3 throwing nets (quivered) {!f}
 E - 4 large rocks
 S - 7 javelins of penetration
Armour
 h - a +0 cloak (worn)
 F - a +1 robe of fire resistance (worn)
 L - a +2 hat of magic resistance (worn)
 Q - a scarf of cloud immunity
 Y - a scarf of resistance
Jewellery
 j - a +5 ring of strength (right hand)
 n - an uncursed ring of fire
 D - an uncursed ring of see invisible
 M - a cursed +5 ring of evasion (left hand)
 X - an amulet of the acrobat (around neck)
Wands
 x - a wand of digging (9)
 y - a wand of paralysis (11)
 H - a wand of acid (3)
 T - a wand of clouds (3)
 U - a wand of flame (14)
 V - a wand of polymorph (3)
Scrolls
 c - 12 scrolls of teleportation
 g - 2 scrolls of summoning
 m - 5 scrolls of magic mapping
 p - 8 scrolls of remove curse
 q - a scroll of immolation
 u - 4 scrolls of amnesia
 v - 5 scrolls of identify
 z - 3 scrolls of fog
 K - a scroll of vulnerability
Potions
 f - 2 potions of lignification {!q}
 i - 8 potions of curing
 l - a potion of might
 o - 5 potions of flight
 r - a potion of resistance
 s - 2 potions of mutation {unknown}
 w - 2 potions of haste
 G - 5 potions of brilliance
 I - 2 potions of agility
 R - a potion of cancellation
Miscellaneous
 A - a lightning rod (4/4)
 O - a box of beasts
Comestibles
 d - 40 rations
 C - 2 chunks of flesh


Message History

Unknown command.
Unknown command.
Okay, then.
Unknown command.
Unknown command.
Unknown command.
Okay, then.
Unknown command.
As you read the scroll of teleportation, it crumbles to dust.
You feel strangely unstable. The orc warrior completely misses you.
The soul eater misses you. The sun demon misses you.
Unknown command.
Really quaff
P - a potion of berserk rage {!q}?
A red film seems to cover your vision as you go berserk!
You feel yourself moving faster!
You feel mighty!
The orc priest casts a cantrip, but nothing happens.
The soul eater misses you. The sun demon hits you!
* * * LOW HITPOINT WARNING * * *
You are engulfed in flames.
You resist.
You die...

····▒▒▒
▒···············▒·▒▒▒
···▒▒
▒▒·▒▒··············▒· ··▒▒
▒▒·················· ·▒▒
≣··················· ·▒
≣≣·················· ▒▒
≣≣≣≣················· ▒▒
≣≣·≣≣≣················ ·▒▒
≣≣···≣≣≣···············
··▒▒▒▒
≣··o➌@≣≣≣··············
··▒▒·▒▒
≣·≣··o≣➌≣≣≣·············
·▒····▒
≣·········≣≣≣············
·····▒▒
≣···≣·≣·≣··o≣≣≣···········
······≣ ···
≣o·o≣≣···≣≣≣··········
·····≣≣ ·· ➍ ≣··
≣···≣≣≣········· ····≣≣ ··


≣≣o ≣···≣≣≣········ ···≣≣ ·· ≣ ≣·≣· ≣≣······· ··≣≣ o·≣ ≣· ≣≣······ You could see
a soul eater, a sun demon, a hellwing, 3 orc warriors and 2 orc priests.

Vanquished Creatures
  Rupert (D:12)
  An orc warlord (Orc:1)
  An ettin (Orc:1)
  6 hydras
  A catoblepas (Lair:6)
  A two-headed ogre (D:10)
  A deep troll shaman (Lair:6)
  4 orc high priests (Orc:2)
  9 death yaks
  Urug (Lair:6)
  A sixfirhy (Orc:2)
  An unseen horror (D:12)
  Pikel (D:8)
  3 orc knights
  3 orc sorcerers
  3 ugly things
  12 elephants
  10 black mambas
  2 centaur zombies
  A guardian serpent (Lair:3)
  4 spiny frogs
  A molten gargoyle (Lair:5)
  A torpor snail (Lair:5)
  Psyche (D:8)
  A smoke demon (Orc:2)
  2 rime drakes (Lair:5)
  An ice devil (Orc:2)
  11 komodo dragons
  3 meliai (Lair:4)
  2 hellwings (Orc:2)
  A polar bear (Lair:5)
  2 queen bees
  5 trolls
  A snapping turtle (Lair:2)
  10 hippogriffs
  22 blink frogs
  A meliai zombie (D:12)
  A spriggan (Lair:5)
  23 yaks
  A ynoxinul (Orc:2)
  A wraith (D:12)
  A golden eye (Orc:1)
  4 basilisks
  Grum (D:9)
  5 vampire mosquitoes
  A hungry ghost (D:11)
  4 wargs
  15 water moccasins
  6 porcupines
  3 ice beasts
  A slave (D:8)
  35 orc warriors
  4 black bears
  A phantom (D:8)
  6 ogres
  15 wolves
  A sky beast (D:10)
  4 centaurs
  10 crocodiles
  4 big kobolds
  14 bullfrogs
  2 scorpions
  33 killer bees
  8 wights
  4 howler monkeys
  An electric eel (Lair:4)
  5 crimson imps
  A quasit (D:7)
  3 bullfrog zombies
  8 jellies
  5 hounds
  14 orc wizards
  Crazy Yiuf (D:6)
  18 orc priests
  A gnoll shaman (D:7)
  A bullfrog skeleton (D:5)
  A centaur skeleton (D:10)
  3 iguanas
  2 worker ants
  Ijyb (D:5)
  A hound zombie (D:6)
  6 adders
  13 gnolls
  2 shadow imps
  5 oozes
  2 adder zombies
  2 adder skeletons (D:5)
  5 worms
  2 dart slugs
  7 leopard geckos
  110 orcs
  9 bats
  5 giant cockroaches
  16 goblins
  7 hobgoblins
  11 jackals
  30 kobolds
  5 quokkas
  4 frilled lizards
  A quokka skeleton (D:4)
  6 rats
  4 rat zombies (D:6)
  A fungus (Lair:5)
659 creatures vanquished.

Vanquished Creatures (collateral kills)
  Harold (D:10)
  A blink frog (Lair:6)
  An orc warrior (Orc:1)
  3 orcs (Orc:1)
6 creatures vanquished.

Vanquished Creatures (others)
  A slave (D:8)
  A killer bee (D:8)
  An orc wizard (D:4)
  An orc (Orc:2)
  A bush (Lair:6)
  17 fungi
  9 plants
  5 toadstools (D:1)
36 creatures vanquished.

Grand Total: 701 creatures vanquished

Notes
Turn   | Place    | Note
-------+----------+-------------------------------------------
     0 | D:1      | Tungsten the Ogre Transmuter began the quest for the Orb.
     0 | D:1      | Reached XP level 1. HP: 19/19 MP: 3/3
    64 | D:1      | Reached skill level 3 in Unarmed Combat
   162 | D:1      | Reached XP level 2. HP: 27/27 MP: 3/5
   512 | D:1      | Reached XP level 3. HP: 21/33 MP: 4/6
   770 | D:1      | Learned a level 2 spell: Sticks to Snakes
   774 | D:1      | Learned a level 3 spell: Spider Form
  1877 | D:2      | Reached XP level 4. HP: 30/41 MP: 5/7
  2487 | D:3      | Reached XP level 5. HP: 17/48 MP: 2/8
  2807 | D:3      | Reached skill level 1 in Poison Magic
  3780 | D:3      | Reached XP level 6. HP: 37/55 MP: 5/9
  3915 | D:3      | Found a faded altar of an unknown god.
  3992 | D:3      | Reached skill level 3 in Transmutations
  4003 | D:3      | Found a bloodstained altar of Trog.
  4207 | D:4      | Reached skill level 3 in Poison Magic
  4458 | D:4      | Found Subresana's Magic Scroll Shop.
  4460 | D:4      | Found a burning altar of Makhleb.
  4706 | D:4      | Found Onugoff's Weapon Emporium.
  4721 | D:4      | Reached skill level 2 in Fighting
  4930 | D:4      | Bought a scroll of teleportation for 42 gold pieces
  4930 | D:4      | Bought a scroll of teleportation for 42 gold pieces
  4930 | D:4      | Bought a scroll of identify for 28 gold pieces
  4930 | D:4      | Bought a scroll of identify for 28 gold pieces
  4930 | D:4      | Bought a scroll of identify for 28 gold pieces
  5065 | D:5      | Entered Level 5 of the Dungeon
  5395 | D:5      | Found a shadowy altar of Dithmenos.
  5421 | D:5      | Found a staircase to the Ecumenical Temple.
  5431 | D:5      | Reached skill level 3 in Spellcasting
  5431 | D:5      | Reached XP level 7. HP: 55/65 MP: 6/11
  5451 | D:5      | Reached skill level 3 in Fighting
  5507 | Temple   | Entered the Ecumenical Temple
  5721 | Temple   | Became a worshipper of Warmaster Okawaru
  5899 | D:5      | Noticed Ijyb
  5912 | D:5      | Killed Ijyb
  6001 | D:5      | Reached skill level 4 in Fighting
  6001 | D:5      | Reached skill level 3 in Dodging
  6157 | D:5      | Found a bloodstained altar of Trog.
  6449 | D:6      | Reached XP level 8. HP: 50/79 MP: 7/12
  6682 | D:6      | Reached skill level 5 in Fighting
  7089 | D:6      | Found an ancient bone altar of Kikubaaqudgha.
  7164 | D:6      | Found a runed translucent door.
  7166 | D:6      | Noticed Crazy Yiuf
  7493 | D:6      | Killed Crazy Yiuf
  7606 | D:4      | Bought a scroll of enchant armour for 105 gold pieces
  7606 | D:4      | Bought a scroll of identify for 28 gold pieces
  7606 | D:4      | Bought a scroll of identify for 28 gold pieces
  7937 | D:7      | Reached * piety under Okawaru
  7937 | D:7      | Reached skill level 6 in Fighting
  8067 | D:7      | Reached skill level 6 in Unarmed Combat
  8171 | D:7      | Learned a level 4 spell: Ice Form
  8412 | D:7      | Learned a level 1 spell: Animate Skeleton
  8414 | D:7      | Learned a level 1 spell: Apportation
  8416 | D:7      | Learned a level 1 spell: Confusing Touch
  8656 | D:7      | Reached skill level 7 in Fighting
  8657 | D:7      | Found a sacrificial altar of Ru.
  8657 | D:7      | Found a stormy altar of Qazlal.
  8742 | D:8      | Reached XP level 9. HP: 91/93 MP: 9/13
  9007 | D:7      | Reached ** piety under Okawaru
  9257 | D:8      | Reached skill level 8 in Fighting
  9429 | D:7      | HP: 19/96 [poisoned by a killer bee]
  9434 | D:7      | HP: 14/96 [poisoned by a killer bee]
  9440 | D:7      | HP: 12/96 [poisoned by a killer bee]
  9446 | D:7      | HP: 10/96 [poisoned by a killer bee]
  9451 | D:7      | HP: 10/96 [poisoned by a killer bee]
  9459 | D:7      | HP: 10/96 [poisoned by a killer bee]
 10584 | D:8      | Noticed a queen bee
 10586 | D:8      | Noticed Psyche
 10593 | D:8      | Killed Psyche
 10593 | D:8      | Reached *** piety under Okawaru
 10593 | D:8      | Reached skill level 9 in Unarmed Combat
 10597 | D:8      | Killed a queen bee
 10597 | D:8      | Reached XP level 10. HP: 104/104 MP: 11/14
 10613 | D:8      | HP: 20/104 [poisoned by a queen bee]
 10618 | D:7      | HP: 14/104 [poisoned by a queen bee]
 10623 | D:7      | HP: 11/104 [poisoned by a queen bee]
 10629 | D:7      | HP: 10/104 [poisoned by a queen bee]
 10637 | D:7      | HP: 10/104 [poisoned by a queen bee]
 11125 | D:8      | Noticed Pikel
 11137 | D:8      | Killed Pikel
 11221 | D:8      | Found Lumper's Weapon Shoppe.
 11497 | D:9      | Found a shattered altar of Ashenzari.
 11500 | D:9      | Reached skill level 1 in Ice Magic
 11642 | D:9      | Found a staircase to the Lair.
 11652 | D:9      | Noticed Grum
 11664 | D:9      | Killed Grum
 11664 | D:9      | Reached **** piety under Okawaru
 11930 | D:9      | Noticed Erica
 11943 | D:9      | Identified the Catalogue of Free Will
 12142 | D:9      | Found an iron altar of Okawaru.
 12248 | D:10     | Entered Level 10 of the Dungeon
 12264 | D:10     | Noticed a red ugly thing
 12273 | D:10     | Killed a red ugly thing
 12328 | D:10     | Noticed Harold
 12430 | D:10     | Reached skill level 3 in Ice Magic
 12600 | D:10     | Reached skill level 6 in Spellcasting
 12613 | D:10     | Reached XP level 11. HP: 46/111 MP: 14/20
 13060 | D:10     | Reached skill level 6 in Transmutations
 13122 | D:10     | Noticed a two-headed ogre
 13148 | D:10     | Killed a two-headed ogre
 13148 | D:10     | Reached ***** piety under Okawaru
 13347 | D:10     | Killed Harold
 13463 | D:10     | Found a runed translucent door.
 13463 | D:10     | Found a shimmering altar of Xom.
 13463 | D:10     | Noticed a +1 trident of chaos
 13463 | D:10     | Noticed poirepourri's ghost (journeyman MiFi)
 13525 | Lair:1   | Entered Level 1 of the Lair of Beasts
 13838 | Lair:1   | Noticed a five-headed hydra
 13843 | Lair:1   | Killed a five-headed hydra
 13843 | Lair:1   | Reached skill level 1 in Invocations
 13843 | Lair:1   | Reached skill level 1 in Evocations
 14078 | Lair:1   | Received a gift from Okawaru
 14356 | Lair:1   | Reached skill level 3 in Invocations
 14978 | Lair:2   | Noticed an eight-headed hydra
 14989 | Lair:2   | Killed an eight-headed hydra
 14989 | Lair:2   | Reached skill level 3 in Evocations
 15291 | Lair:2   | HP: 24/133 [porcupine (5)]
 15610 | Lair:2   | Reached XP level 12. HP: 101/119 MP: 17/21
 16177 | Lair:2   | Found a staircase to the Shoals.
 16190 | Lair:2   | HP: 15/144 [snapping turtle (21)]
 17071 | Lair:3   | Reached skill level 1 in Hexes
 17551 | Lair:3   | Noticed an eight-headed hydra
 17569 | Lair:3   | HP: 22/146 [eight-headed hydra (8)]
 17890 | Lair:3   | HP: 29/146 [eight-headed hydra (4)]
 17890 | Lair:3   | HP: 14/146 [eight-headed hydra (11)]
 17896 | Lair:3   | Killed an eight-headed hydra
 18416 | Lair:3   | Found a staircase to the Snake Pit.
 19093 | Lair:4   | Noticed Nergalle
 19294 | Lair:4   | Received a gift from Okawaru
 19738 | Lair:4   | Reached skill level 9 in Fighting
 20924 | Lair:5   | Noticed an eight-headed hydra
 20942 | Lair:4   | Reached skill level 6 in Dodging
 21716 | Lair:5   | Killed an eight-headed hydra
 21716 | Lair:5   | Received a gift from Okawaru
 21716 | Lair:5   | Reached skill level 9 in Transmutations
 21716 | Lair:5   | Reached XP level 13. HP: 126/133 MP: 16/23
 21833 | Lair:5   | Found a runed translucent gate.
 21834 | Lair:5   | Found a runed translucent gate.
 21847 | Lair:5   | Reached skill level 10 in Fighting
 22086 | Lair:5   | Reached ****** piety under Okawaru
 23486 | Lair:5   | Found a runed translucent gate.
 23490 | Lair:5   | Found a staircase to the Slime Pits.
 23699 | Lair:5   | Reached skill level 11 in Fighting
 23712 | Lair:5   | Received a gift from Okawaru
 24261 | Lair:5   | Noticed Luam's ghost (journeyman OpFi)
 24262 | Lair:5   | Noticed Vig Uhad's ghost (journeyman OpTm)
 24267 | Lair:5   | Learned a level 2 spell: Passwall
 24273 | Lair:5   | Learned a level 5 spell: Blade Hands
 24276 | Lair:5   | Learned a level 2 spell: Poisonous Vapours
 24280 | Lair:5   | Learned a level 3 spell: Regeneration
 24303 | Lair:6   | Entered Level 6 of the Lair of Beasts
 24749 | Lair:6   | Got a steaming flail
 25736 | Lair:6   | Reached skill level 12 in Fighting
 25736 | Lair:6   | Reached skill level 12 in Unarmed Combat
 26413 | Lair:6   | Reached XP level 14. HP: 150/150 MP: 19/24
 26505 | Lair:6   | Noticed Urug
 26513 | Lair:6   | Killed Urug
 26909 | Lair:6   | Received a gift from Okawaru
 26909 | Lair:6   | Reached skill level 9 in Dodging
 27114 | Lair:6   | Got a smoking giant spiked club {god gift}
 27115 | Lair:6   | Identified the +3 giant spiked club of Mutilation {drain,
                  | +Fly rPois Str+4 Dex-3} (Okawaru gifted it to you on level
                  | 6 of the Lair of Beasts)
 27118 | Lair:6   | Identified the +4 flail of Ibinel {antimagic, rF+ Int+8}
                  | (You found it on level 6 of the Lair of Beasts)
 27521 | Lair:6   | Reached skill level 13 in Fighting
 28991 | D:12     | Received a gift from Okawaru
 29423 | D:12     | Noticed Rupert
 29438 | D:12     | Killed Rupert
 30118 | D:12     | Found a staircase to the Orcish Mines.
 30251 | Orc:1    | Entered Level 1 of the Orcish Mines
 30554 | Orc:1    | Reached skill level 14 in Fighting
 30693 | Orc:1    | Noticed Sonja
 30868 | Orc:1    | Noticed Sonja
 30868 | Orc:1    | Sonja changed into Sonja the golden eye
 30873 | Orc:1    | Killed Sonja the golden eye
 31197 | Orc:1    | Found a roughly hewn altar of Beogh.
 31291 | Orc:1    | Noticed an orc warlord
 31316 | Orc:1    | Killed an orc warlord
 31678 | Orc:2    | Entered Level 2 of the Orcish Mines
 32018 | Orc:2    | Found a staircase to the Elven Halls.
 32074 | Orc:2    | Reached XP level 15. HP: 165/165 MP: 19/25
 32150 | Orc:2    | Found Oschuum's Food Emporium.
 32153 | Orc:2    | Found Wimokh's Magic Scroll Shoppe.
 33125 | Orc:2    | HP: 31/165 [orange demon[an orc sorcerer] (14)]
 33129 | Orc:2    | HP: 12/165 [orc priest/divine providence (11)]
 33131 | Orc:2    | HP: 3/247 [sun demon[an orc high priest] (16)]
 33131 | Orc:2    | Slain by a sun demon

Levels and vault maps discovered:
D:1:      ldierk_walled_garden, layout_basic, amethyst_killhole
D:2:      layout_loops_ring
D:3:      layout_basic, chequers_ecumenical_altar_lobes, first_ration,
          cheibrodos_sewer_entry_bend, bloody_trog
D:4:      layout_loops_cross, makhleb_heckhound_becter, serial_shops, shop, shop
D:5:      layout_rooms, nicolae_dithmenos_shadow_blocks,
          minmay_temple_entry_statues_pillars, basic_altar, uniq_ijyb
D:6:      layout_loops_cross, lemuel_zombie_altar_kikubaaqudgha,
          uniq_crazy_yiuf_cottage
D:7:      layout_loops_ring, gammafunk_temple_overflow_elements
D:8:      layout_cave_pools, david_nohive_1, minmay_shop_grid_forest,
          uniq_psyche, uniq_pikel
D:9:      layout_roguey, evilmike_ruin_ashenzari, okawaru_altar_gauntlet_db,
          uniq_grum, uniq_erica
D:10:     layout_loops_cross, ebering_ghost_xom, kennysheep_generic_room_7,
          uniq_harold
D:11:     layout_roguey
D:12:     layout_roguey, hiddenorc1_lemuel, uniq_rupert
Temple:   nicolae_temple_elliptical
Lair:1:   layout_gridlike, lemuel_fruit_fields
Lair:2:   layout_gridlike, minmay_shoals_entry_hut, grunt_megastairs_1
Lair:3:   layout_gridlike, minmay_snake_entry_spellcaster
Lair:4:   wad_woods_04, layout_loops_ring, special_room [special_room_bee],
          serial_bayou_shore_a, uniq_nergalle
Lair:5:   layout_regular_city, nicolae_slime_entry_slimehenge,
          gammafunk_ghost_cemetery, grunt_forest_stairs_clearing
Lair:6:   grunt_lair_end_beastmaster, layout_gridlike,
          nicolae_volcano_entry_hallway, gauntlet_entry_generic, uniq_urug
Orc:1:    layout_caves, basic_altar, uniq_sonja
Orc:2:    pf_orc_diabolical, layout_diamond_mine

Action                   |  1- 3 |  4- 6 |  7- 9 | 10-12 | 13-15 || total
-------------------------+-------+-------+-------+-------+-------++-------
Melee: Unarmed           |   123 |   229 |   332 |   534 |   795 ||  2013
       Kick              |    10 |     2 |       |     2 |     4 ||    18
       Headbutt          |     2 |     1 |     1 |       |       ||     4
       Punch             |       |     2 |       |     3 |     7 ||    12
 Fire: Hunting sling     |       |     1 |       |     7 |       ||     8
Throw: Stone             |       |       |     1 |       |       ||     1
 Cast: Beastly Appendage |    14 |    10 |     2 |     1 |     1 ||    28
       Spider Form       |     2 |    16 |    34 |    25 |       ||    77
       Sticks to Snakes  |       |       |     2 |    13 |     2 ||    17
       Ice Form          |       |       |       |    35 |    69 ||   104
       Confusing Touch   |       |       |       |     6 |     6 ||    12
       Animate Skeleton  |       |       |       |       |    27 ||    27
       Passwall          |       |       |       |       |     1 ||     1
Invok: Heroism           |       |       |     1 |    10 |    20 ||    31
       Finesse           |       |       |       |     1 |     4 ||     5
 Abil: End Transformatio |       |       |     1 |     3 |     1 ||     5
Evoke: Wand              |       |     2 |       |     8 |     6 ||    16
  Use: Scroll            |       |     7 |    10 |    13 |     8 ||    38
       Potion            |       |       |     2 |     3 |     2 ||     7
 Stab: Sleeping          |     1 |       |       |     1 |       ||     2
       Paralysed         |       |     2 |       |     2 |       ||     4
       Confused          |       |       |       |     5 |     3 ||     8
  Eat: Ration            |     1 |       |       |       |     1 ||     2
       Chunk             |       |    25 |    25 |    43 |    38 ||   131
Armor: Robe              |    31 |    32 |    17 |     8 |     9 ||    97
       Skin              |       |     2 |    13 |    43 |    91 ||   149
Dodge: Dodged            |    85 |   115 |   287 |   464 |   592 ||  1543
